 Dungeon Crawl Stone Soup version 0.20.1-1-g8b1a95d (webtiles) character file.

2194 Benedict the Carver (level 9, -2/68 HPs)
             Began as a Minotaur Gladiator on Oct 16, 2017.
             Was a Follower of Okawaru.
             Killed from afar by a gargoyle (25 damage)
             ... with a stone arrow
             ... on level 7 of the Dungeon.
             The game lasted 00:07:42 (7941 turns).

Benedict the Carver (Minotaur Gladiator)            Turns: 7941, Time: 00:07:43

Health: -2/68      AC:  9    Str: 22    XL:     9   Next: 12%
Magic:  12/13      EV: 14    Int:  5    God:    Okawaru [*.....]
Gold:   500        SH:  0    Dex: 12    Spells: 8/8 levels left

rFire    . . .     SeeInvis .   a - +0 long sword
rCold    . . .     Gourm    .   (no shield)
rNeg     . . .     Faith    .   n - +0 chain mail
rPois    .         Spirit   .   c - +0 hat
rElec    .         Reflect  .   (no cloak)
rCorr    .         Harm     .   (no gloves)
MR       .....                  (no boots)
Stlth    ..........             (no amulet)
Regen    0.3/turn               t - +3 ring of evasion
MPRegen  0.2/turn               (no ring)

@: heroism
A: retaliatory headbutt, horns 2
a: Heroism, Renounce Religion


You were on level 7 of the Dungeon.
You worshipped Okawaru.
Okawaru was aware of your devotion.
You were not hungry.

You visited 2 branches of the dungeon, and saw 8 of its levels.

You collected 500 gold pieces.

Inventory:

Hand Weapons
 a - a +0 long sword (weapon)
Missiles
 d - 5 throwing nets (quivered)
Armour
 b - a +0 leather armour
 c - a +0 hat (worn)
 n - a +0 chain mail (worn)
Jewellery
 m - an uncursed ring of fire
 t - a +3 ring of evasion (left hand)
Wands
 r - a wand of acid (3/15)
Scrolls
 e - 12 scrolls of identify {unknown}
 g - a scroll of summoning {unknown}
 h - 7 scrolls of teleportation {unknown}
 k - 3 scrolls of recharging {unknown}
 l - 2 scrolls of fog {unknown}
 q - 2 scrolls of fear {unknown}
 s - 3 scrolls of enchant armour {unknown}
 u - 3 scrolls of remove curse {unknown}
 A - a scroll of amnesia {unknown}
 B - a scroll of immolation {unknown}
Potions
 j - a potion of curing
 o - a potion of magic {unknown}
 p - a potion of flight {unknown}
 v - 2 potions of degeneration {unknown}
 w - 3 potions of cancellation {unknown}
Books
 y - a book of Cantrips

   Spells                             Type                      Level
   a - Confusing Touch                Hexes                        1
   b - Animate Skeleton               Necromancy                   1
   c - Summon Small Mammal            Summoning                    1
   d - Apportation                    Translocation                1
Comestibles
 f - 5 bread rations
 x - 2 meat rations
 z - 15 fruits


   Skills:
 - Level 2.4(7.4) Fighting
 - Level 12.0(17.0) Long Blades
 - Level 2.0(7.0) Throwing
 - Level 3.2(8.2) Dodging
 + Level 6.9 Invocations


You had 8 spell levels left.
You didn't know any spells.

Dungeon Overview and Level Annotations

Branches:
Dungeon (7/15)             Temple (1/1) D:5

Altars:
Ashenzari
Cheibriados
Elyvilon
Fedhas
Gozag
Hepliaklqana
Makhleb
Nemelex Xobeh
Okawaru
Qazlal
Ru
Sif Muna
Trog
Uskayaw
Vehumet
Xom
Yredelemnul
The Shining One

Shops:
D:4 [(   D:7 %


Innate Abilities, Weirdness & Mutations

You reflexively headbutt those who attack you in melee.
You have a pair of horns on your head.


Message History

You hit the gargoyle.
The gargoyle is severely damaged.
The gargoyle hits you with a dire flail.
* * * LOW HITPOINT WARNING * * *
You feel much better.
You completely miss the gargoyle. Your headbutt misses the gargoyle.
The gargoyle is severely damaged.
The gargoyle hits you with a dire flail!!
You hit the gargoyle but do no damage.
The gargoyle is severely damaged.
The gargoyle hurls a stone arrow at you.
The stone arrow misses you.
You closely miss the gargoyle.
You headbutt the gargoyle, but do no damage.
The gargoyle is severely damaged.
You barely miss the gargoyle.
The gargoyle is severely damaged.
The gargoyle hurls a stone arrow at you.
The stone arrow hits you!
You die...

.#.....##.##.(#.#.## #.#.#.##.# #
.####.######.######### #.#.#.##.###
.# #.#...........#..# #.#.#..#....
.# #.#.####.####.#..###'#.#.......
.####.#.#.......#.#..#......#......
....#.#.#.##.##.#.#................
.##.###.#.#...#.#(#.........#.#....
............_.....9...#............
###.).#.#[#...#.#@#...#.####.####.#
#######.#.##.##.#.###.#.# ##.......
......#.#.......#.#.....###........
#######.####.####.#.#..9#...#######
#...........#..9.##.### # #
#######.######....#..# #+.+
#.........# #..#.##.###+....
#########<#.#.....#.#8#.....
#.#.......#.........


You could see a gargoyle.

Vanquished Creatures
  Sigmund (D:4)
  Menkaure (D:6)
  Edmund (D:4)
  Duvessa (D:4)
  3 ice beasts
  A black bear (D:5)
  A phantom (D:5)
  An ogre (D:6)
  A centaur (D:7)
  Dowan (D:4)
  A scorpion (D:6)
  3 wights (D:6)
  A howler monkey (D:5)
  A gnoll shaman (D:5)
  2 jellies
  5 orc priests
  3 hounds (D:6)
  3 orc wizards (D:7)
  2 iguanas
  5 worker ants
  3 gnolls (D:5)
  A howler monkey zombie (D:7)
  8 adders
  A shadow imp (D:7)
  An adder skeleton (D:6)
  3 worms
  2 dart slugs
  4 leopard geckos
  19 orcs
  6 giant cockroaches
  6 goblins
  9 hobgoblins
  5 jackals
  2 quokkas
  7 bats
  4 frilled lizards
  A giant cockroach zombie (D:5)
  7 kobolds
  8 rats
135 creatures vanquished.

Notes
Turn   | Place    | Note
-------+----------+-------------------------------------------
     0 | D:1      | Benedict the Minotaur Gladiator began the quest for the Orb.
     0 | D:1      | Reached XP level 1. HP: 18/18 MP: 0/0
    82 | D:1      | Reached skill level 4 in Long Blades
   109 | D:1      | Reached XP level 2. HP: 20/25 MP: 1/1
   563 | D:1      | Reached skill level 5 in Long Blades
   814 | D:1      | Reached XP level 3. HP: 30/30 MP: 2/2
   895 | D:2      | Found a hazy altar of Hepliaklqana.
  1608 | D:3      | Reached skill level 6 in Long Blades
  1608 | D:3      | Reached XP level 4. HP: 31/37 MP: 3/3
  1827 | D:3      | Found an opulent altar of Gozag.
  1927 | D:3      | Reached XP level 5. HP: 33/42 MP: 4/4
  1978 | D:3      | Reached skill level 7 in Long Blades
  2637 | D:4      | Noticed Dowan
  2638 | D:4      | Noticed Duvessa
  2649 | D:4      | Killed Duvessa
  2649 | D:4      | Reached skill level 8 in Long Blades
  2649 | D:4      | Reached XP level 6. HP: 20/50 MP: 5/5
  2652 | D:4      | Killed Dowan
  3103 | D:4      | Found an opulent altar of Gozag.
  3103 | D:4      | Found a sparkling altar of Nemelex Xobeh.
  3241 | D:4      | Noticed Edmund
  3255 | D:4      | Killed Edmund
  3255 | D:4      | Reached skill level 9 in Long Blades
  3346 | D:4      | Found Zoicriud's Antique Weapon Boutique.
  3347 | D:4      | Noticed Sigmund
  3360 | D:4      | Killed Sigmund
  3360 | D:4      | Reached skill level 10 in Long Blades
  3360 | D:4      | Reached XP level 7. HP: 39/56 MP: 6/6
  3935 | D:4      | Found Cigeel's Armour Shop.
  4144 | D:5      | Entered Level 5 of the Dungeon
  4565 | D:5      | Reached skill level 11 in Long Blades
  4605 | D:5      | Reached XP level 8. HP: 35/62 MP: 7/7
  5120 | D:5      | Reached skill level 12 in Long Blades
  5524 | D:5      | Found a staircase to the Ecumenical Temple.
  5561 | Temple   | Entered the Ecumenical Temple
  5707 | Temple   | Became a worshipper of Warmaster Okawaru
  5724 | D:5      | You fall through a shaft!
  5724 | D:6      | Noticed Menkaure
  5730 | D:6      | Killed Menkaure
  5827 | D:6      | Found a burning altar of Makhleb.
  6071 | D:6      | Reached * piety under Okawaru
  6416 | D:6      | Reached skill level 5 in Invocations
  6850 | D:7      | Found Inifatud's Food Boutique.
  6888 | D:7      | Reached XP level 9. HP: 24/68 MP: 9/12
  7218 | D:7      | Found a sacrificial altar of Ru.
  7920 | D:7      | Noticed a gargoyle
  7921 | D:7      | Noticed a gargoyle
  7941 | D:7      | Killed from afar by a gargoyle

Skill      XL: |  1  2  3  4  5  6  7  8 |
---------------+-------------------------+-----
Long Blades    | 4 5 6 8 10 11 12 | 12.0
Invocations    | 6 |  6.9
Fighting       | |  2.4
Throwing       | |  2.0
Dodging        | |  3.2

Action                   |  1- 3 |  4- 6 |  7- 9 || total
-------------------------+-------+-------+-------++-------
Melee: Long sword        |    68 |   111 |   213 ||   392
       Headbutt          |    10 |    22 |    62 ||    94
       Punch             |       |       |     1 ||     1
Invok: Heroism           |       |       |     3 ||     3
  Use: Potion            |       |     1 |     3 ||     4
 Stab: Sleeping          |     1 |       |       ||     1
  Eat: Chunk             |     2 |     4 |    16 ||    22
Armor: Leather armour    |    15 |       |       ||    15
       Chain mail        |    13 |    43 |    74 ||   130
Dodge: Dodged            |    44 |    55 |    94 ||   193
       Rpst.: Long sword |    13 |    14 |    29 ||    56
